 Dungeon Crawl Stone Soup version 0.30.0-17-ge0270778cf (webtiles) character file.

Game seed: 3278582894298444753

66770 DemonSlayer the Covert (level 14, -1/98 HPs)
             Began as a Demonspawn Earth Elementalist on May 22, 2023.
             Was the Champion of Dithmenos.
             Slain by a deep elf knight
             ... wielding a +4 quarterstaff
              (16 damage)
             ... on level 12 of the Dungeon.
             The game lasted 01:03:51 (19304 turns).

DemonSlayer the Covert (DsEE)                      Turns: 19304, Time: 01:03:52

Health: -1/98      AC: 16    Str:  9    XL:     14   Next: 80%
Magic:  18/30      EV: 19    Int: 17    God:    Dithmenos [******]
Gold:   1663       SH:  0    Dex: 18    Spells: 19/37 levels left

rFire   . . .        B - +5 scythe "Finisher" {speed, execute}
rCold   . . .        (shield currently unavailable)
rNeg    . . .        O - +0 troll leather armour
rPois   .            (no helmet)
rElec   .            V - +0 cloak
rCorr   .            J - +0 pair of gloves
SInv    .            (boots unavailable)
Will    +....        m - amulet of magic regeneration
Stlth   ++++++++++   q - +5 ring of evasion
HPRegen 1.16/turn    T - ring of wizardry
MPRegen 0.62/turn

%: wizardry (x1)
@: sanguine armoured, wreathed by umbra, studying Axes, invisible
A: hooves 3, spiny 2, augmentation 1, sanguine armour 2, demonic magic 2
a: Renounce Religion, Shadow Step, Shadow Form


You were on level 12 of the Dungeon.
You worshipped Dithmenos.
Dithmenos was exalted by your worship.
You visited 3 branches of the dungeon, and saw 18 of its levels.
You also visited: Ossuary, Bailey and Volcano.

You collected 1663 gold pieces.

Inventory:

Hand Weapons
 B - the +5 scythe "Finisher" (weapon) {speed, execute}
   (You found it on level 8 of the Dungeon)
 L - a +3 vampiric dagger
Missiles
 f - 14 boomerangs
 r - a throwing net
 M - 2 curare-tipped darts
Armour
 J - a +0 pair of gloves (worn)
 O - a +0 troll leather armour (worn)
 U - a +1 tower shield of cold resistance
 V - a +0 cloak (worn)
Jewellery
 h - a ring of protection from cold
 m - an amulet of magic regeneration (around neck)
 q - a +5 ring of evasion (left hand)
 I - an amulet of faith
 T - a ring of wizardry (right hand)
Wands
 l - a wand of iceblast (17)
 E - a wand of paralysis (27)
 K - a wand of acid (19)
 N - a wand of digging (5)
 P - a wand of flame (30)
 S - a wand of polymorph (5)
 W - a wand of mindburst (16)
Scrolls
 a - 3 scrolls of magic mapping
 b - 12 scrolls of teleportation
 d - a scroll of vulnerability
 e - 7 scrolls of amnesia
 g - 3 scrolls of blinking
 k - 2 scrolls of fear
 s - a scroll of immolation
 t - 6 scrolls of fog
 y - 5 scrolls of enchant armour
 H - 2 scrolls of poison
Potions
 c - 8 potions of flight
 i - a potion of ambrosia {unknown}
 j - 5 potions of lignification
 n - 5 potions of haste
 o - 5 potions of attraction
 p - 2 potions of invisibility
 u - 2 potions of berserk rage
 v - 6 potions of brilliance
 w - 3 potions of might
 x - 2 potions of degeneration {unknown}
 z - 2 potions of mutation
 A - 3 potions of cancellation
 C - a potion of magic
 D - a potion of heal wounds
 F - 2 potions of resistance {unknown}
 G - a potion of curing {unknown}


   Skills:
 + Level 5.2 Fighting
 + Level 3.2 Short Blades
 + Level 7.0(7.1) Polearms
 + Level 1.2(4.5) Staves
 + Level 1.4 Throwing
 + Level 4.5 Armour
 + Level 4.8 Dodging
 + Level 12.7 Stealth
 + Level 12.0 Spellcasting
 + Level 9.7 Conjurations
 + Level 0.8 Transmutations
 + Level 11.6 Earth Magic
 + Level 0.4 Evocations


You had 19 spell levels left.
You knew the following spells:

 Your Spells              Type           Power      Damage    Failure   Level
b - Passwall              Tmut/Erth      25%        N/A       1%          2
c - Stone Arrow           Conj/Erth      92%        3d12      1%          3
d - Petrify               Tmut/Erth      31%        N/A       2%          4
e - Ignite Poison         Fire/Tmut/Pois 11%        N/A       11%         3
f - Blink                 Tloc           20%        N/A       6%          2
g - Dispel Undead         Necr           10%        3d9       34%         4

Your spell library contained the following spells:

 Spells                   Type           Power      Damage    Failure   Level
 Sandblast                Erth           98%        2d20      1%          1
 Momentum Strike          Conj/Tloc      52%        3d9       1%          2
 Iskenderun's Battlesphe  Conj           43%        2d9       1%          5
 Sting                    Tmut/Pois      44%        1d5       3%          1
 Slow                     Hex            40%        N/A       4%          1
 Sticky Flame             Conj/Fire      26%        2d5       5%          4
 Cigotuvi's Dreadful Rot  Necr/Pois/Air  20%        N/A       6%          2
 Ensorcelled Hibernation  Hex/Ice        20%        N/A       6%          2
 Lesser Beckoning         Tloc           20%        N/A       6%          2
 Poisonous Vapours        Pois/Air       20%        N/A       6%          2
 Spider Form              Tmut/Pois      11%        N/A       10%         3
 Borgnjor's Vile Clutch   Necr/Erth      15%        N/A       10%         5
 Confusing Touch          Hex            10%        N/A       12%         3
 Gell's Gravitas          Tloc           10%        N/A       12%         3
 Ozocubu's Armour         Ice            10%        N/A       12%         3
 Teleport Other           Tloc           10%        N/A       12%         3
 Vampiric Draining        Necr           10%        2d6       12%         3
 Vhi's Electric Charge    Tloc/Air       20%        N/A       12%         3
 Irradiate                Conj/Tmut      14%        3d16      12%         5
 Arcjolt                  Conj/Air       13%        1d23      14%         5
 Fireball                 Conj/Fire      13%        3d7       14%         5
 Anguish                  Hex/Necr       5%         N/A       34%         4
 Animate Dead             Necr           10%        N/A       34%         4
 Manifold Assault         Tloc           10%        N/A       34%         4
 Olgreb's Toxic Radiance  Pois           10%        N/A       34%         4
 Summon Ice Beast         Ice/Summ       10%        N/A       34%         4
 Orb of Destruction       Conj           21%        9d8       50%         7
 Blade Hands              Tmut           6%         N/A       56%         5
 Conjure Ball Lightning   Conj/Air       13%        3x3d6     58%         6
 Metabolic Englaciation   Hex/Ice        5%         N/A       67%         5
 Summon Mana Viper        Hex/Summ       10%        N/A       67%         5
 Death Channel            Necr           5%         N/A       99%         6
 Dispersal                Tloc           5%         N/A       99%         6
 Plasma Beam              Fire/Air       5%         2x1d17    99%         6
 Simulacrum               Ice/Necr       5%         N/A       99%         6
 Dragon Form              Tmut           6%         N/A       100%        7
 Monstrous Menagerie      Summ           5%         N/A       100%        7
 Disjunction              Tloc           5%         N/A       100%        8
 Ignition                 Fire           5%         3d4       100%        8


Dungeon Overview and Level Annotations

Branches:
Dungeon (12/15)            Temple (1/1) D:4            Lair (5/5) D:10
  Swamp (0/4) Lair:3        Snake (0/4) Lair:3        Slime (0/5) Lair:4
    Orc (0/2) D:11        Ossuary (visited)          Bailey (visited)
Volcano (visited)

Altars:
Ashenzari
Cheibriados
Dithmenos
Fedhas
Gozag
Hepliaklqana
Kikubaaqudgha
Makhleb
Nemelex Xobeh
Okawaru
Qazlal
Sif Muna
Trog
Uskayaw
Vehumet
Xom
Yredelemnul
Jiyva

Shops:
D:7 *


Innate Abilities, Weirdness & Mutations

You have hooves in place of feet.
You are mostly covered in sharp spines.
Your magical and physical power is slightly enhanced at high health.
When seriously injured, your blood forms thick armour. (AC +9)
Spells you cast may paralyse nearby enemies.


Message History

The deep elf knight is struck by your spines.
The deep elf knight hits you with a +4 quarterstaff.
The deep elf archer unwields a +4 shortbow.
The deep elf archer wields a +0 quarterstaff.
The deep elf archer hits you with a +0 quarterstaff!!
You are too injured to fight recklessly!
Unknown command.
You are too injured to fight recklessly!
Casting: Stone Arrow (safe; 1% risk of failure)
Confirm with . or Enter, or press ? or * to list all spells.
Aiming: Stone Arrow (safe; 1% risk of failure)
Press: ? - help, Shift-Dir - straight line, f/p - deep elf archer
Aim: a deep elf archer, wielding a +0 quarterstaff and wearing a +1 robe (black smoke, repelling missiles, umbra, 31% to hit)
The stone arrow hits the deep elf archer!
The deep elf archer is moderately wounded.
Malevolent energies surge around you.
The deep elf knight hits you with a +4 quarterstaff!
* * * LOW HITPOINT WARNING * * *
You emit a cloud of dark smoke.
The deep elf knight is struck by your spines.
The deep elf knight hits you with a +4 quarterstaff.
* * * LOW HITPOINT WARNING * * *
The deep elf archer gestures wildly while chanting.
The deep elf archer blinks!
Unknown command.
Okay, then.
As you read the scroll of fear, it crumbles to dust.
You assume a fearsome visage.
The deep elf archer resists with almost no effort.
The deep elf knight looks frightened!
The deep elf knight gestures wildly while chanting.
The deep elf knight flickers and vanishes!
Deactivating autopickup; reactivate with Ctrl-A.
The deep elf archer unwields a +0 quarterstaff.
The deep elf archer wields a +4 shortbow.
The deep elf archer shoots an arrow.
The arrow hits you!
* * * LOW HITPOINT WARNING * * *
You fade into invisibility!
Something closely misses you. Something hits you!
You die... #..# ..# ##.# #.# #.# .. ###'## ... #....# PP♣

♣♣♣ #....#
..♣♣♣..♣♣♣ #....#
♣..§§§♣ #....#
♣..§§§♣ '....#
♣..§{@♣♣♣♣♣♣♣ #....#
♣...§§§§..†.♣ ######
♣...§.....♣...P....
♣....♣§§♣.)...P...#
....e.$.♣....♣.P..##
...(.~~..♣♣♣♣♣♣♣♣♣##
♣♣♣♣..~~.♣♣ ♣♣.~~♣♣
♣..♣


You could see a deep elf archer (repels missiles, unable to see you).

Vanquished Creatures
  5 hydras
  Harold (D:9)
  3 two-headed ogres
  The ghost of SecretSquirrel the Cleaver, a journeyman GrBe of Trog (D:11)
  The ghost of bmack86 the Cleaver, a novice MiFi of Okawaru (D:8)
  A centaur warrior (D:8)
  A tengu warrior (D:8)
  3 boulder beetles
  7 death yaks
  An orc high priest (Bailey)
  4 skeletal warriors
  4 skysharks
  An anaconda skeleton (Volcano)
  Pikel (D:6)
  A lindwurm (Lair:2)
  An orc knight (Bailey)
  A deep elf zephyrmancer (D:7)
  A deep elf pyromancer (D:8)
  2 ugly things
  15 elephants
  Maurice (D:10)
  Joseph (D:7)
  The ghost of AverageBear the Cleaver, a novice HOMo of Beogh (D:6)
  4 black mambas
  4 cane toads
  3 gargoyles (Volcano)
  A kobold demonologist (Bailey)
  15 komodo dragons
  A torpor snail (Lair:5)
  A rime drake (Lair:5)
  An unseen horror (D:8)
  8 polar bears
  6 trolls
  3 hornets (Lair:5)
  A harpy skeleton (Volcano)
  16 blink frogs
  3 dream sheep (Lair:5)
  4 centaur simulacra (D:11)
  5 slime creatures (D:12)
  3 flying skulls (Volcano)
  An alligator skeleton (Volcano)
  3 shadows (D:8)
  25 yaks
  Eustachio (D:6)
  2 wyverns (shapeshifter) (D:8)
  4 wyverns
  6 wraiths (D:8)
  14 spriggans (Lair:5)
  A vampire (D:10)
  5 basilisks
  Grum (D:10)
  A steam dragon (D:8)
  A naga (Lair:3)
  A hell hound (D:12)
  Duvessa (D:6)
  10 water moccasins
  18 orc warriors
  A meliai simulacrum (D:11)
  5 ice beasts
  6 black bears
  4 boggarts (Lair:5)
  4 centaurs
  32 wolves
  2 lemures (D:6)
  6 kobold brigands
  13 bullfrogs
  Blork the orc (D:6)
  2 gnoll sergeants (D:8)
  4 scorpions
  3 water moccasin zombies (Ossuary)
  19 wights
  Dowan (D:6)
  3 jellies
  2 spriggan skeletons (Volcano)
  5 killer bees (D:8)
  7 howler monkeys
  4 electric eels (Bailey)
  15 orc priests
  A gnoll bouda (D:5)
  4 sleepcaps
  2 hounds
  A human zombie (D:4)
  2 iguanas
  15 orc wizards
  2 mummies (Ossuary)
  13 gnolls
  4 adders
  2 white imps
  2 ufetubi
  4 adder zombies (Ossuary)
  2 worms (D:2)
  5 dart slugs
  54 orcs
  6 ball pythons
  4 endoplasms
  A giant cockroach (D:2)
  3 gnoll zombies (Ossuary)
  16 hobgoblins
  5 quokkas
  2 bats
  4 frilled lizards
  12 goblins
  6 hobgoblin zombies (Ossuary)
  29 kobolds
  6 kobold zombies (Ossuary)
  2 orc zombies (Ossuary)
  4 rats (D:1)
584 creatures vanquished.

Notes
Turn   | Place    | Note
-------+----------+-------------------------------------------
     0 | D:1      | DemonSlayer the Demonspawn Earth Elementalist began the
                  | quest for the Orb.
     0 | D:1      | Reached XP level 1. HP: 13/13 MP: 3/3
   192 | D:1      | Gained mutation: When seriously injured, your blood forms
                  | armour. (AC +9) [demonic ancestry]
   192 | D:1      | Reached XP level 2. HP: 18/19 MP: 0/5
   945 | D:1      | Learned a level 2 spell: Passwall
  1071 | D:2      | Reached XP level 3. HP: 20/24 MP: 3/6
  1909 | D:2      | Learned a level 3 spell: Stone Arrow
  1986 | D:3      | Found a shimmering blue altar of Sif Muna.
  2165 | D:3      | Gained mutation: You have large cloven feet. [demonic
                  | ancestry]
  2165 | D:3      | Reached XP level 4. HP: 10/30 MP: 4/8
  2294 | D:3      | Found a faded altar of an unknown god.
  2681 | D:3      | Identified a scroll of acquirement
  2682 | D:3      | Acquired the +0 pair of boots of the Jumping Gods {rN+
                  | Int+3}
  2757 | D:4      | Found a staircase to the Ecumenical Temple.
  2766 | Temple   | Entered the Ecumenical Temple
  2815 | Temple   | Became a worshipper of Dithmenos the Shadowed
  2941 | D:4      | Found a sand-covered staircase.
  2949 | D:4      | Gained mutation: Spells you cast may paralyse adjacent
                  | enemies. [demonic ancestry]
  2949 | D:4      | Reached XP level 5. HP: 29/35 MP: 7/9
  2961 | Ossuary  | Entered an ossuary
  3290 | Ossuary  | Gained mutation: You have hoof-like feet. [demonic
                  | ancestry]
  3290 | Ossuary  | Reached XP level 6. HP: 41/41 MP: 11/11
  3401 | Ossuary  | Reached * piety under Dithmenos
  3570 | D:4      | Found a basalt altar of Yredelemnul.
  4008 | D:5      | Entered Level 5 of the Dungeon
  4033 | D:4      | Reached skill level 1 in Fighting
  4035 | D:4      | Reached skill level 5 in Earth Magic
  4035 | D:4      | Gained mutation: You are partially covered in sharp spines.
                  | [demonic ancestry]
  4035 | D:4      | Reached XP level 7. HP: 35/48 MP: 11/13
  4088 | D:4      | Learned a level 4 spell: Petrify
  4153 | D:5      | Reached skill level 1 in Short Blades
  4314 | D:5      | Reached ** piety under Dithmenos
  4692 | D:6      | Noticed Blork the orc
  4696 | D:6      | Killed Blork the orc
  4697 | D:6      | Gained mutation: Spells you cast may paralyse nearby
                  | enemies. [demonic ancestry]
  4697 | D:6      | Reached XP level 8. HP: 54/54 MP: 13/15
  4701 | D:6      | Reached skill level 5 in Spellcasting
  4858 | D:6      | Noticed Dowan
  5006 | D:6      | Noticed Eustachio
  5014 | D:6      | Killed Eustachio
  5353 | D:6      | Noticed Pikel
  5377 | D:6      | Noticed Duvessa
  5466 | D:6      | Killed Dowan
  5548 | D:6      | Reached skill level 5 in Stealth
  5573 | D:6      | Killed Pikel
  5574 | D:6      | Reached skill level 1 in Conjurations
  5574 | D:6      | Reached XP level 9. HP: 59/59 MP: 13/18
  5811 | D:6      | Found a broken altar of Ashenzari.
  6108 | D:6      | Found a runed translucent gate.
  6137 | D:7      | Noticed Joseph
  6142 | D:7      | Noticed a troll
  6148 | D:7      | Killed Joseph
  6154 | D:7      | Killed a troll
  6280 | D:7      | Found a sparkling altar of Nemelex Xobeh.
  6335 | D:7      | Noticed a deep elf zephyrmancer
  6348 | D:7      | Killed a deep elf zephyrmancer
  6999 | D:7      | Found Gemou's Lightly-Used Armoury.
  7295 | D:8      | Noticed a two-headed ogre
  7300 | D:8      | Killed a two-headed ogre
  7301 | D:8      | Reached skill level 1 in Armour
  7301 | D:8      | Gained mutation: You are mostly covered in sharp spines.
                  | [demonic ancestry]
  7301 | D:8      | Reached XP level 10. HP: 47/66 MP: 1/21
  7322 | D:8      | Reached *** piety under Dithmenos
  7482 | D:8      | Found a flagged portal.
  7492 | Bailey   | Entered a bailey
  7635 | Bailey   | Noticed an orc knight
  7649 | Bailey   | Killed an orc knight
  7821 | Bailey   | Found an iron altar of Okawaru.
  7823 | Bailey   | Noticed an orc high priest
  7865 | Bailey   | Killed an orc high priest
  7866 | Bailey   | Reached skill level 1 in Throwing
  7928 | Bailey   | Identified the +3 leather armour "Ottesua" {rC+}
  7989 | Bailey   | Reached **** piety under Dithmenos
  8173 | Bailey   | Acquired the staff of earth "Nempotol" {Dex+3}
  8319 | D:8      | Gained mutation: When seriously injured, your blood forms
                  | thick armour. (AC +9) [demonic ancestry]
  8319 | D:8      | Reached XP level 11. HP: 72/72 MP: 6/23
  8363 | D:8      | Reached skill level 1 in Staves
  8408 | D:8      | Reached skill level 5 in Conjurations
  8435 | D:8      | Noticed a skeletal warrior
  8435 | D:8      | Found the +5 scythe "Finisher" {speed, execute}
  8448 | D:8      | Killed a skeletal warrior
  8705 | D:8      | Found an iron altar of Okawaru.
  8706 | D:8      | Found a shimmering altar of Xom.
  8706 | D:8      | Found a hazy altar of Hepliaklqana.
  8729 | D:8      | Noticed a skeletal warrior
  8742 | D:8      | Noticed a centaur warrior
  8768 | D:8      | Noticed a tengu warrior
  8907 | D:8      | Killed a tengu warrior
  9005 | D:8      | Found a runed translucent gate.
  9005 | D:8      | Found a runed translucent gate.
  9005 | D:8      | Found a runed translucent gate.
  9006 | D:8      | Noticed bmack86's ghost (novice MiFi)
  9152 | D:8      | Killed a centaur warrior
  9153 | D:8      | Reached skill level 1 in Polearms
  9211 | D:8      | Reached ***** piety under Dithmenos
  9317 | D:8      | Noticed a deep elf pyromancer
  9328 | D:8      | Killed a deep elf pyromancer
  9642 | D:8      | Noticed a purple ugly thing
  9681 | D:8      | Killed a skeletal warrior
  9682 | D:8      | Killed a purple ugly thing
  9818 | D:9      | Noticed Harold
  9830 | D:9      | Paralysed by Harold for 3 turns
  9833 | D:9      | Killed Harold
  9936 | D:9      | Found an opulent altar of Gozag.
 10232 | D:9      | Found an ancient bone altar of Kikubaaqudgha.
 10302 | D:9      | Learned a level 3 spell: Ignite Poison
 10305 | D:9      | Learned a level 2 spell: Blink
 10327 | D:10     | Entered Level 10 of the Dungeon
 10708 | D:10     | Noticed Grum
 10710 | D:10     | Reached XP level 12. HP: 80/80 MP: 25/25
 10716 | D:10     | Killed Grum
 10752 | D:10     | Noticed a two-headed ogre
 10758 | D:10     | Killed a two-headed ogre
 10811 | D:10     | Found a staircase to the Lair.
 10816 | D:10     | Found a hide-covered altar of Uskayaw.
 10853 | D:10     | Noticed Maurice
 10862 | D:10     | Killed Maurice
 11312 | D:6      | Found a runed translucent gate.
 11313 | D:6      | Found a runed translucent gate.
 11313 | D:6      | Noticed AverageBear's ghost (novice HOMo)
 11316 | D:6      | Found a hazy altar of Hepliaklqana.
 11510 | D:6      | Killed AverageBear's ghost
 12080 | D:6      | Killed Duvessa
 12161 | D:8      | Killed bmack86's ghost
 12166 | D:8      | Reached skill level 10 in Stealth
 12388 | D:11     | Found a runed translucent gate.
 12389 | D:11     | Identified the +1 falchion of Gloom {flame, Contam rC+
                  | Will+}
 12397 | D:11     | Found a runed translucent gate.
 12398 | D:11     | Found a runed translucent gate.
 12574 | D:11     | Noticed SecretSquirrel's ghost (journeyman GrBe)
 12579 | D:11     | Reached skill level 10 in Spellcasting
 12579 | D:11     | Reached skill level 10 in Earth Magic
 12691 | D:11     | Found a staircase to the Orcish Mines.
 13067 | D:11     | Killed SecretSquirrel's ghost
 13216 | Lair:1   | Entered Level 1 of the Lair of Beasts
 13216 | Lair:1   | Noticed a boulder beetle
 13224 | Lair:1   | Killed a boulder beetle
 13463 | Lair:1   | Noticed a boulder beetle
 13470 | Lair:1   | Killed a boulder beetle
 14137 | Lair:1   | Learned a level 4 spell: Dispel Undead
 14245 | Lair:2   | Gained mutation: You have hooves in place of feet. [demonic
                  | ancestry]
 14245 | Lair:2   | Reached XP level 13. HP: 88/88 MP: 16/27
 14757 | Lair:3   | Found a staircase to the Snake Pit.
 14802 | Lair:3   | Found a dark tunnel.
 14811 | Volcano  | Entered a volcano
 14834 | Volcano  | Reached ****** piety under Dithmenos
 15548 | Lair:3   | Found a staircase to the Swamp.
 15565 | Lair:3   | Reached skill level 5 in Polearms
 16124 | Lair:3   | Identified the +0 ring mail of Forking Paths {-Cast rPois
                  | rC+++ Int-4}
 16506 | Lair:4   | Found a viscous altar of Jiyva.
 16506 | Lair:4   | Found a staircase to the Slime Pits.
 17413 | Lair:5   | Entered Level 5 of the Lair of Beasts
 17533 | Lair:5   | Gained mutation: Your magical and physical power is
                  | slightly enhanced at high health. [demonic ancestry]
 17533 | Lair:5   | Reached XP level 14. HP: 96/96 MP: 21/29
 18191 | Lair:5   | Reached skill level 5 in Fighting
 19304 | D:12     | Slain by a deep elf knight

Illustrated notes

Levels and vault maps discovered:
D:1:      sevenhm_arrival_forest_fort_large_4, layout_basic
D:2:      layout_basic, basic_altar
D:3:      layout_basic, nicolae_sif_muna_condensation,
          shapermc_ecumenical_altar_gd, eino_tiny_chamber,
          kennysheep_big_empty_room
D:4:      layout_rooms, mainiacjoe_overflow_24_doors,
          minmay_temple_entry_slanted, serial_forest,
          infiniplex_forest_straight_2, infiniplex_forest_fountain,
          infiniplex_forest_zigzag_1, infiniplex_forest_lined_room_2,
          infiniplex_forest_side_room, infiniplex_forest_zigzag_1,
          enter_ossuary_3, eino_tiny_chamber
D:5:      layout_rooms
D:6:      layout_gridville, mainiacjoe_overflow_paths, kennysheep_mini_moat,
          biasface_ghost_orc_armoury, small_statue_intersection, uniq_eustachio,
          uniq_blork_the_orc, uniq_duvessa, uniq_pikel
D:7:      layout_basic, nemelex_xobeh_ov_fountains_minmay, minmay_shop_damaged,
          minmay_misc_feat_x, hangedman_glass_teeth, guppyfry_early_elven_hall,
          uniq_joseph
D:8:      minmay_the_grid_octo_tiled_octocenter [minmay_the_grid_octo_shrine,
          minmay_the_grid_octo_vomiting_pacman,
          minmay_the_grid_octo_fat_diamond, minmay_the_grid_octo_pinwheel,
          minmay_the_grid_octo_prize_big_c, minmay_the_grid_square_5x5_six,
          minmay_the_grid_square_5x5_two_walls_b,
          minmay_the_grid_square_5x5_seven, minmay_the_grid_square_5x5_comb],
          layout_gridville, enter_bailey_6, gammafunk_ghost_spectres,
          minmay_guarded_unrand_finisher
D:9:      layout_cave_pools, mainiacjoe_overflow_cross_hatched,
          grunt_gozag_breadcrumbs, kiku_gazebo_pond_becter, uniq_harold
D:10:     layout_stronghold, nicolae_uskayaw_en_pointe, zin_treasury,
          lair_entry_dummy, item_on_display_a, uniq_urug, uniq_maurice,
          uniq_grum
D:11:     layout_stronghold, minmay_orc_entry_temple_small, gammafunk_ghost_icy,
          minmay_misc_feat_room
D:12:     layout_roguey, beargit_elvish_explorers
Temple:   hellmonk_temple_forest_ring
Lair:1:   layout_cave_pods
Lair:2:   layout_hall_layers
Lair:3:   layout_roguey, swamp_mist, guppyfry_snake_entry_island,
          nicolae_volcano_entry_two_sided
Lair:4:   layout_regular_city, slime_entry_1, minmay_shattered_shrine
Lair:5:   minmay_lair_end_enchanted_forest, layout_regular_city,
          eino_small_chamber_without_monster, nzn_sisyphean_effort

Skill      XL: |  1  2  3  4  5  6  7  8  9 10 11 12 13 14 |
---------------+-------------------------------------------+-----
Earth Magic    | 3 4 5 6 7 8 9 10 11 | 11.6
Stealth        | 2 3 4 5 7 8 9 10 11 12 | 12.7
Dodging        | 2 3 4 |  4.8
Spellcasting   | 3 4 6 7 8 9 10 11 12 | 12.0
Fighting       | 1 2 3 4 5 |  5.2
Short Blades   | 1 2 3 |  3.2
Conjurations   | 1 4 6 7 8 9 |  9.7
Armour         | 1 2 3 4 |  4.5
Throwing       | 1 |  1.4
Staves         | 1 |  1.2
Polearms       | 2 4 5 7 |  7.0
Transmutations | |  0.8
Evocations     | |  0.4

Action                     |  1- 3 |  4- 6 |  7- 9 | 10-12 | 13-15 || total
---------------------------+-------+-------+-------+-------+-------++-------
  Melee: Dagger            |     9 |    30 |    29 |    39 |    21 ||   128
         Staff             |       |       |       |    11 |       ||    11
         Scythe            |       |       |       |   115 |   144 ||   259
         Punch             |       |       |       |     1 |       ||     1
         Kick              |       |       |       |       |    41 ||    41
  Throw: Boomerang         |    16 |       |       |    10 |       ||    26
         Throwing net      |       |       |       |     1 |       ||     1
   Cast: Sandblast         |    50 |    68 |    55 |     8 |       ||   181
         Stone Arrow       |       |       |    52 |   289 |   260 ||   601
  Evoke: Wand              |       |       |       |     4 |       ||     4
    Use: Potion            |     1 |       |       |     4 |     1 ||     6
         Scroll            |     4 |     2 |     7 |     7 |    15 ||    35
   Stab: Sleeping          |     6 |     8 |     6 |    29 |    29 ||    78
         Paralysed         |       |    19 |    22 |    69 |    53 ||   163
         Distracted        |       |       |       |       |     1 ||     1
 Armour: Robe              |     4 |    11 |     4 |       |       ||    19
         Leather armour    |       |       |       |     7 |       ||     7
         Troll leather arm |       |       |       |    21 |    51 ||    72
  Dodge: Dodged            |    23 |    42 |    36 |   203 |   168 ||   472
